 Dungeon Crawl Stone Soup version 0.32-a0-666-ge8a88695a4 (webtiles) character file.

Game seed: 12058564802246381068

2 Esekla the Sneak (level 1, 16/16 HPs)
             Began as an Octopode Delver on Mar 10, 2024.
             Quit the game on level 5 of the Dungeon.
             The game lasted 00:02:41 (114 turns).

Esekla the Sneak (Octopode Delver)                   Turns: 114, Time: 00:02:42

Health: 16/16      AC:  1    Str: 11    XL:     1   Next: 30%
Magic:  1/1        EV: 13    Int: 12    God:
Gold:   12         SH:  0    Dex: 13    Spells: 0/0 levels left

rFire   . . .        a - +0 falchion
rCold   . . .        (no shield)
rNeg    . . .        (helmet restricted)
rPois   .            (no amulet)
rElec   .            (no ring)
rCorr   .            (no ring)
SInv    .            (no ring)
Will    .....        (no ring)
Stlth   ++++         (no ring)
HPRegen 0.22/turn    (no ring)
MPRegen 0.07/turn    (no ring)
                     (no ring)

%: no passive effects
@: no status effects
A: almost no armour, amphibious, 8 rings, camouflage 1, gelatinous body 1,
(nimble swimmer 1), tentacles
a: no special abilities


You were on level 5 of the Dungeon.
You visited 1 branch of the dungeon, and saw 1 of its levels.

You collected 12 gold pieces.

Inventory:

Hand Weapons
 a - a +0 falchion (weapon)
Wands
 f - a wand of digging (3)
Scrolls
 b - a scroll of fog
 d - a scroll of fear
Potions
 e - 2 potions of haste


   Skills:
 + Level 3.0 Fighting
 + Level 2.0 Long Blades
 + Level 2.0 Dodging
 + Level 6.7 Stealth


You couldn't memorise any spells.
You didn't know any spells.
Your spell library contained the following spells:

 Spells                   Type           Power      Damage    Failure   Level
 Lesser Beckoning         Tloc           0%         N/A       45%         2
 Gell's Gravitas          Tloc           0%         N/A       69%         3
 Teleport Other           Tloc           0%         N/A       69%         3


Dungeon Overview and Level Annotations

Branches:
Dungeon (5/15)
 Temple: D:4-7

Altars:
Elyvilon


Innate Abilities, Weirdness & Mutations

You cannot wear most types of armour.
You are amphibious.
You can wear up to eight rings at the same time.
Your skin changes colour to match your surroundings (Stealth+).
Your rubbery body absorbs attacks. (AC +1, EV +1)
((You are camouflaged when in or above water. (Stealth+)))
You have tentacles for arms and can constrict up to eight enemies at once.


Message History

You open the door.
Found a stone staircase leading up.
There is an open door here.
There is an open door here.
A phantom comes into view.
You open the door.
There is an open door here.
You open the door.
An orc comes into view. It is wielding a +0 club.
Found an escape hatch in the floor.
Found a stone staircase leading up.
There is an open door here.
Okay, then.
Found an escape hatch in the ceiling.
As you open the door, it creaks loudly!
You hear a shout!
There is an open door here.
There is an open door here.
The orc attacks as it pursues you! The orc closely misses you.
You slash the orc!
You kill the orc!
Things that are here:
a +0 club; an orc corpse You open the door.
Found 12 gold pieces.
There is an open door here.
You now have 12 gold pieces.
There is an open door here.
You open the door.
There is an open door here.
Found a book of Displacement.
You open the door.
There is an open door here.
Found a potion of haste.
You pick up a book of Displacement and begin reading...
You add the spells Lesser Beckoning, Gell's Gravitas and Teleport Other to your library.
e - 2 potions of haste (gained 1)
You open the door.
Found 8 stones.
Found a white marble altar of Elyvilon.
There is an open door here.
There is a white marble altar of Elyvilon here.
Are you sure you want to abandon this character and quit the game? (Confirm with "yes".)

#.......#********
#.......#,,,,,,,,
#.......+,,,,,,,,
#.......#,,,,,,,,
#.......#,,,,,,,, ***
#.......######+##
#.#########.............
#.....(...#.............
#......@..#.............
####+##'###.............
#...........####....#'#
#...........#..#....#..
#...........#..'....#..
**********#...........##+#....###
,,,,,,,,,....######+###,...####**
,,,,,,,,,....*,,,,*,,,+....#,,,,,
,,,,,,,,,...,+,,,,*,,,#....#,,,,,


There were no monsters in sight!

Vanquished Creatures
  An orc (D:5)
1 creature vanquished.

Notes
Turn   | Place    | Note
-------+----------+-------------------------------------------
     0 | D:5      | Esekla the Octopode Delver began the quest for the Orb.
     0 | D:5      | Reached XP level 1. HP: 16/16 MP: 1/1
     7 | D:5      | Noticed an orc priest
    11 | D:5      | Noticed a scorpion
    39 | D:5      | Noticed a phantom
   111 | D:5      | Found a white marble altar of Elyvilon.
   114 | D:5      | Quit the game

Illustrated notes

Levels and vault maps discovered:
D:5:      layout_gridville, overflow_temple_1_default, minmay_misc_feat_cross,
          uniq_edmund, uniq_ijyb

Action                     || total
---------------------------++-------
  Melee: Falchion          ||     1
    Use: Scroll            ||     1
  Dodge: Dodged            ||     1

Table legend: (Time is in decaauts)
 A = Elapsed time spent in this place.
 B = Non-inter-level travel time spent in this place.
 C = Inter-level travel time spent in this place.
 D = Time resting spent in this place.
 E = Time spent auto-exploring this place.
 F = Levels seen in this place.
 G = Mean time per level.
                   A        B        C        D        E       F      G
               +--------+--------+--------+--------+--------+-----+--------+
         Total |    114 |    114 |      0 |      0 |      0 |   1 |  114.0 |
       Dungeon |    114 |    114 |      0 |      0 |      0 |   1 |  114.0 |
               +--------+--------+--------+--------+--------+-----+--------+

Top non-repeatable levels by time:
     D:5: 114 daAuts
